Unix NetHack Version 5.0.0-0 post-release - last build Jul 19 2026 19:10:59 (3aa4ab31751d3886436d94b585a96704892fd477,branch:main).

Game began 2026-07-22 02:32:07, ended 2026-07-22 02:36:01.

Jinnora, neutral female human Wizard

                                                            ---
                                                           --.--
                                                          |....|
                                          ..--         ----..^-|
                                         -...---      --....|..---
                                        -......--  ----..------..|
                                         -..[|..----....--    ----
                                         -..-|..).....----
                                          |.|------......-----
                                          |.|     -...........-- -
                                                  .....   ........
                                                   .<).|@..-
                                                   ....|...|
                                                    ..-|.---
                                                       |.--
                                                       |..-----
                                                       --.....|
                                                        ----..|
                                                           ----

Jinnora the Conjurer      St:11 Dx:14 Co:10 In:17 Wi:9 Ch:13  Neutral
Dlvl:3  $:12 HP:0(32) Pw:17(28) AC:9  Xp:4/112 T:552  Blind Deaf

Latest messages:
 The spell misses it.
 You kill the sewer rat!
 D - a scroll labeled VELOX NEB.
 You hit the sewer rat.
 The sewer rat bites!
 You kill the sewer rat!
 The kitten picks up a dagger.
 The kitten drops a dagger.
 There are several objects here.
 Your kitten eats a gnome corpse.
 B - 2 daggers (3 in total).
 E - 2 food rations.
 F - a green gem.
 G - a red gem.
 You see here a thonged club.
 A gush of water hits your left arm!
 A gush of water hits the kitten's left foreleg!
 You swap places with your kitten.
 A gush of water hits your right arm!
 Your candle is getting short.
 You swap places with your kitten.
 You swap places with your kitten.
 You swap places with your kitten.
 You are momentarily blinded by a flash of light!
 You hear a deafening roar!
 Wait!  There's something there you can't see!
 It bites!
 It bites!
 What do you want to drop? [$a-zA-G or ?*] ?
 What do you want to drop? [$a-zA-G or ?*] z
 You drop an empty bag.
 It bites!
 It bites!
 It hits!
 In what direction? 8
 You feel no door there.
 What do you want to zap? [cr or ?*] c
 In what direction? 9
 You kill it!
 What do you want to zap? [cr or ?*] c
 In what direction? 7
 You kill it!
 It hits!
 What do you want to zap? [cr or ?*] c
 In what direction? 8
 You kill it!
 The bolt of cold hits you!
 Your potion of holy water freezes and shatters!
 You die...
 Do you want your possessions identified? [ynq] (y) q

Inventory:
 Coins    ('$')
  $ - 12 gold pieces
 Amulets  ('"')
  o - a cursed amulet of change
 Weapons  (')')
  A - 3 uncursed +0 darts
  B - 3 uncursed +0 daggers
  a - a blessed +1 quarterstaff (weapon in hands)
 Armor    ('[')
  b - an uncursed +0 cloak of magic resistance (being worn)
 Comestibles  ('%')
  q - a cursed candy bar labeled "Om-nom"
  E - 2 uncursed food rations
  x - an uncursed lembas wafer
  w - an uncursed tripe ration
 Scrolls  ('?')
  j - an uncursed scroll of enchant weapon
  D - an uncursed scroll of gold detection
  k - an uncursed scroll of identify
  i - an uncursed scroll of light
  u - an uncursed scroll of scare monster
 Spellbooks  ('+')
  l - a blessed spellbook of force bolt
  m - an uncursed spellbook of light
  v - an uncursed spellbook of slow monster
  p - an uncursed spellbook of wizard lock
 Potions  ('!')
  h - an uncursed potion of oil
  f - an uncursed potion of paralysis
 Rings    ('=')
  e - an uncursed +1 ring of gain constitution
  s - a cursed +1 ring of gain strength
  d - an uncursed ring of polymorph control
 Wands    ('/')
  c - an uncursed wand of cold (0:1)
  r - an uncursed wand of sleep (0:5)
 Tools    ('(')
  n - an uncursed magic marker (0:20)
  C - an uncursed partly used tallow candle (lit)
  t - an uncursed tin whistle
 Gems/Stones  ('*')
  F - an uncursed jade stone
  G - an uncursed jasper stone
  y - an uncursed worthless piece of yellow glass

Jinnora the Wizard's attributes:

Background:
 You were a Conjurer, a level 4 female human Wizard.
 You were neutral, on a mission for Thoth
 who was opposed by Ptah (lawful) and Anhur (chaotic).
 You were right-handed.
 You were in the Gnomish Mines, on level 3.
 You entered the dungeon 552 turns ago.
 It was nighttime.
 You had 112 experience points, 48 more were needed to attain level 5.

Basics:
 You had 0 out of 32 hit points.
 You had 17 out of 28 energy points (spell power).
 Your armor class was 9.
 Your wallet contained 12 zorkmids.
 Autopickup was off.

Final Characteristics:
 Your strength was 11 (limit:18/100).
 Your dexterity was 14 (limit:18).
 Your constitution was 10 (limit:18).
 Your intelligence was 17 (limit:18).
 Your wisdom was 9 (limit:18).
 Your charisma was 13 (limit:18).

Final Status:
 You were temporarily blind.
 You were deaf.
 You weren't hungry.
 You were unencumbered.
 You were wielding a quarterstaff.
 You had basic skill with quarterstaff.

Final Attributes:
 You were fervently aligned.
 You were magic-protected.
 You were warded.
 You are dead.

Miscellaneous:
 You didn't encounter any bones levels.
 Total elapsed playing time was 3 minutes and 54 seconds.

Major events:
 Turn
    1: Jinnora the neutral female human Wizard entered the dungeon
  404: entered the Gnomish Mines
  419: attained the rank of Conjurer (level 3)
  552: killed by a bolt of cold zapped by herself

Spells:
 Name                 Level Category     Fail Retention
 force bolt             1   attack         0%  91%-100%
 light                  1   divination     0%  76%-100%

Skills:
 Fighting Skills
   bare handed combat [Unskilled]
   riding             [Unskilled]
 Weapon Skills
   dagger             [Unskilled]
   knife              [Unskilled]
   axe                [Unskilled]
   short sword        [Unskilled]
   club               [Unskilled]
   mace               [Unskilled]
   quarterstaff       [Basic]
   polearms           [Unskilled]
   spear              [Unskilled]
   trident            [Unskilled]
   sling              [Unskilled]
   dart               [Unskilled]
   shuriken           [Unskilled]
 Spellcasting Skills
   attack spells      [Basic]
   healing spells     [Unskilled]
   divination spells  [Unskilled]
   enchantment spells [Basic]
   clerical spells    [Unskilled]
   escape spells      [Unskilled]
   matter spells      [Unskilled]

Voluntary challenges:
 Character rerolling was not enabled.
 You were an atheist.
 You were illiterate.
 You never genocided any monsters.
 You never polymorphed an object.
 You never changed form.
 You used no wishes.
Achievements:
 You entered the Gnomish Mines.
 You attained the rank of Conjurer.

 The Dungeons of Doom: levels 1 to 2
    Level 1:
    Level 2:
       Stairs down to The Gnomish Mines.
 The Gnomish Mines:
    Level 3: <- You were here.
       Final resting place for
          you, killed by a bolt of cold zapped by yourself.


Vanquished creatures:
  2 gnome leaders
  a dwarf
 an orc zombie
 an iguana
  a hobbit
  a large kobold
  6 gnomes
  2 jackals
  a goblin
  2 sewer rats
  a grid bug
  3 newts
22 creatures vanquished.

No species were genocided or became extinct.

Game over:
                       ----------
                      /          \
                     /    REST    \
                    /      IN      \
                   /     PEACE      \
                  /                  \
                  |     Jinnora      |
                  |      12 Au       |
                  | killed by a bolt |
                  |  of cold zapped  |
                  |    by herself    |
                  |                  |
                  |       2026       |
                 *|     *  *  *      | *
        _________)/\\_//(\/(/\)/\//\/|_)_______

Goodbye Jinnora the Wizard...

You died in The Gnomish Mines on dungeon level 3 with 559 points,
and 12 pieces of gold, after 552 moves.
You were level 4 with a maximum of 32 hit points when you died.

